 Dungeon Crawl Stone Soup version 0.31-a0-210-gccc998df9b (webtiles) character file.

Game seed: 6527844399672610275

44 qw the Chopper (level 3, 0/23 HPs)
             Began as a Gargoyle Fighter on June 29, 2023.
             Slain by Robin
             ... wielding a +0 spear
              (1 damage)
             ... on level 2 of the Dungeon.
             The game lasted 00:00:34 (810 turns).

qw the Chopper (Gargoyle Fighter)                    Turns: 810, Time: 00:00:35

Health: 0/23       AC: 10    Str: 21    XL:     3   Next: 62%
Magic:  3/3        EV:  9    Int:  8    God:
Gold:   36         SH:  4    Dex:  9    Spells: 2/2 levels left

rFire   . . .        Y - +0 war axe
rCold   . . .        c - +0 buckler
rNeg    + . .        b - +0 scale mail
rPois   inf          (no helmet)
rElec   +            (no cloak)
rCorr   .            (no gloves)
SInv    .            (no boots)
Will    .....        (no amulet) Stlth
                     (no ring)
HPRegen 0.23/turn    (no ring)
MPRegen 0.08/turn

%: no passive effects
@: no status effects
A: sickness immunity, AC +3, negative energy resistance 1, electricity
resistance, torment resistance 1, petrification resistance
a: no special abilities


You were on level 2 of the Dungeon.
You visited 1 branch of the dungeon, and saw 2 of its levels.

You collected 80 gold pieces.
You spent 44 gold pieces at shops.


Innate Abilities, Weirdness & Mutations

You are immune to sickness and miasma.
Your stone body is resilient. (AC +3)
You are immune to poison.
You resist negative energy. (rN+)
You are resistant to electric shocks. (rElec)
You are resistant to unholy torment.
You are immune to petrification.


   Skills:
 - Level 3.2 Fighting
 + Level 3.5 Axes
 - Level 3.2 Armour
 - Level 3.2 Shields


You had 2 spell levels left.
You didn't know any spells.
Your spell library was empty.

Inventory:

Hand Weapons
 e - a +0 club
 Y - a +0 war axe (weapon)
Armour
 b - a +0 scale mail (worn)
 c - a +0 buckler (worn)
Scrolls
 i - a scroll of identify
Potions
 a - a potion of mutation {unknown}
 d - a potion of might
 f - a potion of enlightenment {unknown}
 g - a potion of curing
 h - a potion of lignification
 j - 2 potions of attraction {unknown}

Dungeon Overview and Level Annotations

Branches:
Dungeon (2/15)

Altars:

Shops:
D:1 ?

Annotations:
D:2 Robin


Message History

The goblins go into a battle-frenzy!
You closely miss the goblin. You completely miss the goblin.
You block the goblin's attack.
Robin says, "Bow before me, strongest of all the hobgoblins!"
Robin hits you from afar with a +0 spear.
You block the goblin's attack.
You hit the goblin.
The goblin is moderately wounded.
You barely miss the goblin. You block the goblin's attack.
Robin hits you from afar with a +0 spear.
The goblin closely misses you. The goblin hits you but does no damage.
The goblin barely misses you.
Robin says, "A pitiful Gargoyle like you will never find the ORB!"
Robin misses you.
You miss the goblin.
The goblin is moderately wounded.
You closely miss the goblin. The goblin hits you with a +0 club.
The goblin hits you but does no damage.
Robin hits you from afar with a +0 spear.
You slash the goblin!
You kill the goblin!
You closely miss the goblin. You block the goblin's attack.
Robin barely misses you.
You hit the goblin.
You kill the goblin!
Robin barely misses you. Robin hits you but does no damage.
Robin closely misses you.
Things that are here:
a +0 dagger; a hobgoblin corpse; a goblin corpse You hit Robin.
Robin is moderately wounded.
Robin hits you with a +0 spear.
You completely miss Robin.
Robin is moderately wounded.
Robin hits you with a +0 spear.
You barely miss Robin.
Robin is moderately wounded.
Robin hits you but does no damage. Robin hits you with a +0 spear.
You die...

#.. #.######## #.#
#.#.#....... #.#
#.#.#.###### #.# #.#.#.#
#.# #.#.#.# #.# #.#.#.# #.#
#.#.#'#####
#########g######.#.......##
#........>@.)..............
##.####....))............##
#.# #.............%......
#.# #.....#....##........
#.# #.....#.#####........
#[# #.....#.# #.......) #.#
#.....#.# #........ #.#
#######.#####........
#.########.......##.####..


You could see Robin.

Vanquished Creatures
  An adder (D:2)
  2 endoplasms
  A giant cockroach (D:1)
  13 goblins
  3 hobgoblins
  A quokka (D:2)
  A ball python (D:1)
  4 bats (D:1)
  3 frilled lizards (D:1)
  A kobold (D:1)
  3 rats
33 creatures vanquished.

Notes
Turn   | Place    | Note
-------+----------+-------------------------------------------
     0 | D:1      | qw the Gargoyle Fighter began the quest for the Orb.
     0 | D:1      | Reached XP level 1. HP: 14/14 MP: 1/1
     0 | D:1      | 0 ||| qw: Version: 0.3-a-24-ga2abf7b
     0 | D:1      | 0 ||| qw: Game counter: 6835
     0 | D:1      | 0 ||| qw: Melee chars always use a shield: true
     0 | D:1      | 0 ||| qw: God list: Okawaru
     0 | D:1      | 0 ||| qw: Allow faded altars: false
     0 | D:1      | 0 ||| qw: Do Orc after clearing Dungeon:15 true
     0 | D:1      | 0 ||| qw: Do second Lair branch before Depths: true
     0 | D:1      | 0 ||| qw: Lair rune preference: random
     0 | D:1      | 0 ||| qw: Goals: Normal, Zot:1-4, Slime:5, God:TSO, Crypt,
                  | Tomb, Abyss, Pan, Hells, Win
     0 | D:1      | 0 ||| PLANNING D:1-11
   135 | D:1      | Reached XP level 2. HP: 19/19 MP: 2/2
   389 | D:1      | 389 ||| Stepping ~*~*~tactically~*~*~ (stealth).
   544 | D:1      | Found Faicaps's Magic Scroll Boutique.
   561 | D:1      | 561 ||| BUYING scroll of identify (22 gold).
   561 | D:1      | Bought a scroll of identify for 22 gold pieces
   561 | D:1      | 561 ||| BUYING scroll of identify (22 gold).
   561 | D:1      | Bought a scroll of identify for 22 gold pieces
   561 | D:1      | 561 ||| READING scroll labelled WONUUT DIOJY.
   562 | D:1      | 562 ||| READING scroll labelled SODWAPHOSSU.
   563 | D:1      | 563 ||| READING 3 scrolls of identify.
   563 | D:1      | 563 ||| IDENTIFYING smoky blue potion
   564 | D:1      | 564 ||| READING 2 scrolls of identify.
   564 | D:1      | 564 ||| IDENTIFYING viscous sapphire potion
   604 | D:2      | Reached skill level 3 in Axes
   664 | D:2      | Reached XP level 3. HP: 23/23 MP: 3/3
   690 | D:2      | 690 ||| Stepping ~*~*~tactically~*~*~ (stealth).
   788 | D:2      | 788 ||| Stepping ~*~*~tactically~*~*~ (stealth).
   789 | D:2      | Noticed Robin
   790 | D:2      | 790 ||| Stepping ~*~*~tactically~*~*~ (stealth).
   792 | D:2      | 792 ||| Stepping ~*~*~tactically~*~*~ (hiding).
   804 | D:2      | HP: 5/23 [goblin/+0 club[Robin] (5)]
   804 | D:2      | HP: 1/23 [Robin/+0 spear (4)]
   809 | D:2      | HP: 1/23 [Robin/+0 spear (1)]
   810 | D:2      | Slain by Robin

Levels and vault maps discovered:
D:1:      dpeg_chamrin_arrival_tetris, layout_rooms, serial_shops,
          nicolae_lakefront_shop
D:2:      layout_basic, minmay_cut_off, uniq_robin, uniq_natasha

Skill      XL: |  1  2 |
---------------+-------+-----
Axes           | 2 3 |  3.5
Fighting       | |  3.2
Armour         | |  3.2
Shields        | |  3.2

Action                     || total
---------------------------++-------
  Melee: War axe           ||    90
    Use: Scroll            ||     4
 Armour: Scale mail        ||    51
  Dodge: Dodged            ||    41
  Block: Buckler           ||    22

Table legend:
 A = Non-vault XP
 B = Vault XP
 C = Vault XP percentage of total XP
 D = Non-vault monster count
 E = Vault monster count
 F = Vault count percentage of total count
                 A         B        C        D         E       F
            +---------+---------+-------+---------+---------+-------
      Total |      52 |      12 |  18.8 |      26 |       7 |  21.2
            +---------+---------+-------+---------+---------+-------
        D:1 |      28 |       0 |   0.0 |      19 |       0 |   0.0
        D:2 |      24 |      12 |  33.3 |       7 |       7 |  50.0
            +---------+---------+-------+---------+---------+-------
